 Dungeon Crawl Stone Soup version 0.21.1-1-g345015fe64 (webtiles) character file.

2254 Razbojnik the Thaumaturge (level 9, 0/46 (47) HPs)
             Began as a Deep Elf Conjurer on July 30, 2018.
             Was a Follower of Vehumet.
             Shot with an arrow by a centaur (10 damage)
             ... on level 8 of the Dungeon.
             The game lasted 00:33:34 (7310 turns).

Razbojnik the Thaumaturge (Deep Elf Conjurer)       Turns: 7310, Time: 00:33:34

HP:   0/46 (47)     AC:  6    Str:  5    XL:     9   Next: 15%
MP:   19/25         EV: 14    Int: 24    God:    Vehumet [*.....]
Gold: 394           SH:  0    Dex: 15    Spells: 12/28 levels left

rFire    . . .     SeeInvis .   e - +0 dagger
rCold    + . .     Gourm    .   (no shield)
rNeg     . . .     Faith    .   a - +0 robe
rPois    .         Spirit   .   z - +0 helmet
rElec    .         Reflect  .   (no cloak)
rCorr    .         Harm     .   E - +2 pair of gloves of the Eternal Fruit {rC+ Stlth+}
MR       .....                  (no boots)
Stlth    ++++......             (no amulet)
HPRegen  0.15/turn              (no ring)
MPRegen  0.19/turn              (no ring)

@: no status effects
A: no striking features
a: Renounce Religion


You were on level 8 of the Dungeon.
You worshipped Vehumet.
Vehumet was aware of your devotion.
You were hungry.

You visited 2 branches of the dungeon, and saw 10 of its levels.

You collected 394 gold pieces.

Inventory:

Hand Weapons
 e - a +0 dagger (weapon)
 x - a +1 dagger of pain
 y - a +3 hunting sling
 A - a cursed -3 dagger
Missiles
 s - 2 silver tomahawks (quivered)
 C - 17 sling bullets
 F - 26 poisoned needles
Armour
 a - a +0 robe (worn)
 p - a +0 pair of gloves
 z - a +0 helmet (worn)
 E - the +2 pair of gloves of the Eternal Fruit (worn) {rC+ Stlth+}
   (You found it on level 5 of the Dungeon)

   It protects you from cold.
   It makes you more stealthy.
 G - a +0 leather armour
 N - a +0 shield
Magical Staves
 Q - an uncursed staff of earth {unknown}
Jewellery
 o - an uncursed ring of ice
 I - a cursed ring of loudness {unknown}
 J - an uncursed ring of see invisible {unknown}
 L - a cursed ring of teleportation {unknown}
Wands
 t - a wand of polymorph (32)
 H - a wand of random effects (18)
 K - a wand of iceblast (17)
 O - a wand of enslavement (14)
Scrolls
 d - 3 scrolls of teleportation
 f - 3 scrolls of remove curse
 g - 3 scrolls of enchant weapon {unknown}
 i - 7 scrolls of identify
 k - 3 scrolls of fog
 v - a scroll of magic mapping {unknown}
 w - a scroll of enchant armour
 B - a scroll of amnesia {unknown}
 M - a scroll of immolation {unknown}
Potions
 h - 3 potions of mutation {unknown}
 j - a potion of berserk rage
 l - a potion of brilliance {unknown}
 m - 3 potions of flight
 n - 2 potions of resistance {unknown}
 q - 2 potions of heal wounds {unknown}
 r - 2 potions of might {unknown}
 P - a potion of haste {unknown}
Books
 b - a book of Conjurations

   Spells                             Type                      Level
   a - Magic Dart                     Conjuration                  1
   b - Searing Ray                    Conjuration                  2
   c - Dazzling Spray                 Conjuration/Hexes            3
   d - Fulminant Prism                Conjuration/Hexes            4
   e - Force Lance                    Conjuration/Translocation    4
   f - Iskenderun's Mystic Blast      Conjuration                  4
 u - a book of Minor Magic

   Spells                             Type                      Level
   a - Magic Dart                     Conjuration                  1
   b - Blink                          Translocation                2
   c - Call Imp                       Summoning                    2
   d - Slow                           Hexes                        2
   e - Conjure Flame                  Conjuration/Fire             3
   f - Mephitic Cloud                 Conjuration/Poison/Air       3
 D - a book of Changes

   Spells                             Type                      Level
   a - Beastly Appendage              Transmutation                1
   b - Sticks to Snakes               Transmutation                2
   c - Spider Form                    Transmutation/Poison         3
   d - Ice Form                       Ice/Transmutation            4
   e - Blade Hands                    Transmutation                5
Comestibles
 c - 11 rations


   Skills:
 - Level 1.0 Fighting
 - Level 1.0 Short Blades
 + Level 3.5 Dodging
 - Level 5.0 Stealth
 + Level 1.4 Shields
 + Level 10.3 Spellcasting
 + Level 7.0 Conjurations
 - Level 6.0 Hexes
 + Level 0.7 Translocations
 - Level 3.0 Fire Magic
 - Level 1.0 Poison Magic
 - Level 2.1 Evocations


You had 12 spell levels left.
You knew the following spells:

 Your Spells              Type           Power        Failure   Level  Hunger
a - Magic Dart            Conj           ####         1%          1    None
b - Searing Ray           Conj           #####.       1%          2    None
c - Dazzling Spray        Conj/Hex       #####.       1%          3    None
d - Fulminant Prism       Conj/Hex       #####.....   3%          4    #......
e - Conjure Flame         Conj/Fire      #####...     1%          3    None
f - Sting                 Conj/Pois      ####         1%          1    None
g - Blink                 Tloc           N/A          6%          2    None


Dungeon Overview and Level Annotations

Branches:
Dungeon (9/15)             Temple (1/1) D:5             Orc (0/2) D:9
   Lair: D:8-11

Altars:
Ashenzari
Cheibriados
Dithmenos
Elyvilon
Fedhas
Gozag
Hepliaklqana
Kikubaaqudgha
Makhleb
Nemelex Xobeh
Qazlal
Ru
Sif Muna
Trog
Vehumet
Wu Jian
Xom
Yredelemnul
Zin
The Shining One
Jiyva

Shops:
D:9 (

Annotations:
D:5 exclusion: centaur
D:8 Maurice


Message History

The centaur shouts!
You hear an angry hiss.
The centaur unwields an uncursed enchanted trident.
The centaur wields a shortbow.
The centaur shoots an arrow.
The arrow closely misses you.
Casting: Magic Dart
Confirm with . or Enter, or press ? or * to list all spells.
Aiming: Magic Dart
Press: ? - help, Shift-Dir - straight line, f/p - centaur
Aim: a centaur, wielding a shortbow The magic dart hits the centaur.
The centaur shoots an arrow.
The arrow hits you!
Casting: Magic Dart
Confirm with . or Enter, or press ? or * to list all spells.
Aiming: Fulminant Prism
Press: ? - help, Dir - move target cursor, p - centaur You conjure a prism of explosive energy!
The centaur shoots an arrow.
The arrow hits you!
* * * LOW HITPOINT WARNING * * *
The centaur shoots an arrow.
The arrow hits you!
You die...

...........## ##. .....
....._......####.. .....
..............##'##.....
.....M..M....#c........
#.....# #...#..*......
#.....# #...#...l..l..
###.....###...#.........
..............##'#
#########.....+.@#
##....#### ######


You could see a centaur, an iguana and a friendly fulminant prism.

Vanquished Creatures
  A sky beast (D:4)
  An ice beast (D:5)
  A necrophage (D:7)
  3 ogres
  A centaur (D:6)
  A big kobold (D:7)
  5 bullfrogs
  3 scorpions
  A bullfrog zombie (D:7)
  A centaur zombie (D:7)
  2 crimson imps (D:7)
  A jelly (D:8)
  6 hounds
  An orc priest (D:4)
  A bullfrog skeleton (D:4)
  7 orc wizards
  A centaur skeleton (D:4)
  5 worker ants
  A hound zombie (D:5)
  A hound skeleton (D:5)
  Robin (D:4)
  A worker ant zombie (D:4)
  11 adders
  7 gnolls
  A shadow imp (D:5)
  An adder zombie (D:7)
  2 worms (D:2)
  A dart slug (D:5)
  6 leopard geckos
  24 orcs
  6 bats
  5 giant cockroaches
  14 goblins
  11 hobgoblins
  12 jackals
  3 quokkas
  2 ball pythons (D:2)
  6 frilled lizards
  8 kobolds
  A leopard gecko zombie (D:6)
  9 rats
176 creatures vanquished.

Vanquished Creatures (others)
  26 fulminant prisms
26 creatures vanquished.

Grand Total: 202 creatures vanquished

Notes
Turn   | Place    | Note
-------+----------+-------------------------------------------
     0 | D:1      | Razbojnik the Deep Elf Conjurer began the quest for the Orb.
     0 | D:1      | Reached XP level 1. HP: 10/10 MP: 6/6
   266 | D:1      | Reached XP level 2. HP: 15/15 MP: 5/8
   270 | D:1      | Learned a level 2 spell: Searing Ray
   741 | D:1      | Found a viscous altar of Jiyva.
   942 | D:2      | Reached skill level 4 in Spellcasting
   942 | D:2      | Reached skill level 5 in Conjurations
   942 | D:2      | Reached XP level 3. HP: 10/19 MP: 2/10
   947 | D:2      | Learned a level 3 spell: Dazzling Spray
  1447 | D:2      | Reached skill level 1 in Hexes
  1520 | D:2      | Found a blossoming altar of Fedhas.
  1574 | D:2      | Reached XP level 4. HP: 24/24 MP: 9/12
  1580 | D:2      | Learned a level 4 spell: Fulminant Prism
  1935 | D:3      | Noticed a bullfrog
  1941 | D:3      | Killed a bullfrog
  1941 | D:3      | Reached XP level 5. HP: 28/28 MP: 5/13
  2101 | D:3      | Reached skill level 5 in Spellcasting
  2101 | D:3      | Reached skill level 5 in Hexes
  2343 | D:3      | Found a glowing silver altar of Zin.
  2719 | D:4      | Reached XP level 6. HP: 32/32 MP: 6/16
  2731 | D:4      | Noticed a sky beast
  2849 | D:4      | Learned a level 3 spell: Conjure Flame
  2903 | D:4      | Noticed Robin
  2909 | D:4      | Killed Robin
  2969 | D:4      | Reached skill level 1 in Fire Magic
  3201 | D:4      | Reached skill level 6 in Spellcasting
  3440 | D:4      | Reached XP level 7. HP: 16/36 MP: 1/18
  3625 | D:4      | Reached skill level 7 in Spellcasting
  3887 | D:4      | Found a bloodstained altar of Trog.
  3938 | D:4      | Reached skill level 8 in Spellcasting
  4002 | D:4      | Found a stormy altar of Qazlal.
  4273 | D:5      | Entered Level 5 of the Dungeon
  4364 | D:5      | Reached skill level 9 in Spellcasting
  4364 | D:5      | Reached XP level 8. HP: 41/41 MP: 16/23
  4534 | D:5      | Found a staircase to the Ecumenical Temple.
  4544 | Temple   | Entered the Ecumenical Temple
  4550 | Temple   | Became a worshipper of Vehumet
  4763 | D:5      | Found a basalt altar of Yredelemnul.
  4911 | D:5      | Got a pair of dazzling gloves
  4922 | D:5      | Identified the +2 pair of gloves of the Eternal Fruit {rC+ Stlth+} (You found it on level 5 of the Dungeon)
  4959 | D:5      | Found an ancient bone altar of Kikubaaqudgha.
  5572 | D:6      | Reached skill level 1 in Evocations
  5787 | D:7      | Reached skill level 5 in Stealth
  5862 | D:7      | Reached * piety under Vehumet
  5862 | D:7      | Offered knowledge of Sting by Vehumet.
  5865 | D:7      | Learned a level 1 spell: Sting
  5898 | D:7      | You fall through a shaft for 2 floors!
  5898 | D:9      | Found a staircase to the Orcish Mines.
  5898 | D:9      | Found Suny's Weapon Emporium.
  6055 | D:9      | Noticed a white ugly thing
  6244 | D:9      | Reached skill level 10 in Spellcasting
  6355 | D:7      | Reached skill level 1 in Poison Magic
  6509 | D:7      | Reached skill level 1 in Short Blades
  6525 | D:7      | Reached skill level 1 in Fighting
  6525 | D:7      | Reached XP level 9. HP: 41/46 MP: 16/25
  6683 | D:7      | Reached skill level 1 in Shields
  6787 | D:7      | Learned a level 2 spell: Blink
  7234 | D:8      | Noticed a two-headed ogre
  7261 | D:8      | Noticed Maurice
  7265 | D:8      | Found a snail-covered altar of Cheibriados.
  7310 | D:8      | Shot with an arrow by a centaur

Skill      XL: |  1  2  3  4  5  6  7  8  9 |
---------------+----------------------------+-----
Spellcasting   | 4 5 6 9 10 | 10.3
Conjurations   | 5 6 7 |  7.0
Hexes          | 1 4 5 6 |  6.0
Fire Magic     | 2 3 |  3.0
Stealth        | 3 5 |  5.0
Evocations     | 2 |  2.1
Poison Magic   | 1 |  1.0
Short Blades   | 1 |  1.0
Fighting       | 1 |  1.0
Dodging        | 3 |  3.5
Shields        | 1 |  1.4
Translocations | |  0.7

Action                   |  1- 3 |  4- 6 |  7- 9 || total
-------------------------+-------+-------+-------++-------
Melee: Dagger            |     4 |     1 |     7 ||    12
 Fire: Hunting sling     |       |       |     8 ||     8
Throw: Tomahawk          |       |       |     2 ||     2
 Cast: Magic Dart        |    61 |    82 |    64 ||   207
       Searing Ray       |     7 |    11 |    27 ||    45
       Fulminant Prism   |       |     6 |    21 ||    27
       Dazzling Spray    |       |     3 |     1 ||     4
       Conjure Flame     |       |       |     2 ||     2
       Sting             |       |       |     2 ||     2
Evoke: Wand              |       |       |     2 ||     2
  Use: Scroll            |       |     2 |     5 ||     7
 Stab: Sleeping          |     2 |       |     3 ||     5
  Eat: Chunk             |     2 |     6 |    12 ||    20
Armor: Robe              |     1 |     7 |    14 ||    22
Dodge: Dodged            |    15 |    17 |    33 ||    65
